 Dungeon Crawl Stone Soup version 0.30-a0-1008-g30c9307041 (webtiles) character file.

Game seed: 10092105406907430468

222 PimpSugar the Magician (level 5, -2/37 HPs)
             Began as a Demonspawn Hedge Wizard on Apr 5, 2023.
             Slain by a gnoll
             ... wielding a +0 halberd
              (13 damage)
             ... on level 4 of the Dungeon.
             The game lasted 00:13:05 (3353 turns).

PimpSugar the Magician (Demonspawn Hedge Wizard)    Turns: 3353, Time: 00:13:07

Health: -2/37      AC:  4    Str:  8 (10) XL:     5   Next: 66%
Magic:  9/10       EV: 11    Int: 21 (22) God:
Gold:   156        SH:  4    Dex: 12 (13) Spells: 3/11 levels left

rFire   . . .      SeeInvis .    w - +6 glaive "Mibribb" {heavy, rC+ Int+5}
rCold   + . .      Faith    .    (shield currently unavailable)
rNeg    . . .      Spirit   .    f - +0 leather armour
rPois   .          Reflect  .    q - +0 helmet
rElec   .          Rampage  .    (no cloak)
rCorr   .                        (no gloves)
Will    .....                    (no boots)
Stlth   ++                       (no amulet)
HPRegen 0.26/turn                y - ring of flight
MPRegen 0.12/turn                (no ring)

@: flying
A: claws 1, large bone plates 1, foul stench 1
a: no special abilities


You were on level 4 of the Dungeon.
You visited 1 branch of the dungeon, and saw 4 of its levels.

You collected 156 gold pieces.

Inventory:

Hand Weapons
 a - a +1 dagger
 w - the +6 glaive "Mibribb" (weapon) {heavy, rC+ Int+5}
   (You found it on level 3 of the Dungeon)

   Int:       It affects your intelligence (+5).
   rC:        It protects you from cold.
Missiles
 i - 56 stones
 j - 4 poisoned darts
Armour
 b - a +0 robe
 c - a +0 hat
 f - a +0 leather armour (worn)
 q - a +0 helmet (worn)
 x - a +1 scale mail of cold resistance
Jewellery
 y - a ring of flight (left claw)
Scrolls
 e - a scroll of blinking
 g - a scroll of amnesia
 h - a scroll of noise
 l - a scroll of identify
 t - a scroll of fear
Potions
 d - a potion of magic
 k - a potion of lignification
 m - a potion of flight
 p - a potion of degeneration
 r - a potion of curing
 v - a potion of brilliance


   Skills:
 + Level 1.3 Fighting
 + Level 2.2 Dodging
 + Level 2.4 Stealth
 * Level 3.8 Spellcasting
 * Level 2.6 Conjurations
 + Level 1.0 Hexes
 + Level 1.9 Summonings
 + Level 1.6 Translocations
 + Level 1.0 Air Magic


You had 3 spell levels left.
You knew the following spells:

 Your Spells              Type           Power      Damage    Failure   Level
a - Magic Dart            Conj           56%        1d5       6%          1
b - Call Imp              Summ           12%        N/A       12%         2
c - Static Discharge      Conj/Air       22%        2-3/arc   13%         2
d - Slow                  Hex            32%        N/A       12%         1
e - Blink                 Tloc           20%        N/A       14%         2

Your spell library contained the following spells:

 Spells                   Type           Power      Damage    Failure   Level
 Cigotuvi's Dreadful Rot  Necr/Pois/Air  10%        N/A       24%         2
 Mephitic Cloud           Conj/Pois/Air  9%         N/A       32%         3
 Summon Lightning Spire   Summ/Air       10%        N/A       67%         4
 Airstrike                Air            4%         2d(1-17)  75%         4


Dungeon Overview and Level Annotations

Branches:
Dungeon (4/15)
 Temple: D:4-7

Altars:


Innate Abilities, Weirdness & Mutations

You have sharp fingernails.
You are partially covered in large bone plates. (SH +4)
You may rarely emit foul miasma when damaged in melee.


Message History

A gnoll comes into view. It is wielding a +0 spear.
Casting: Call Imp (safe; 12% risk of failure)
Confirm with . or Enter, or press ? or * to list all spells.
You don't know that spell.
Casting: Call Imp (safe; 12% risk of failure)
Confirm with . or Enter, or press ? or * to list all spells.
A beastly little devil appears in a puff of flame.
The gnoll shouts! x2; You hear a shout!
A gnoll comes into view. It is wielding a +0 spear.
A scorpion comes into view.
A dart slug comes into view.
The gnoll hits your crimson imp but does no damage.
Your crimson imp hits the gnoll.
The gnoll throws a throwing net.
The throwing net closely misses your crimson imp.
The throwing net hits you.
You become entangled in the net!
The dart slug briefly extends its eye-stalks.
Your crimson imp barely misses the gnoll.
You see here a throwing net.
You struggle against the net.
You struggle against the net.
The gnoll hits you from afar with a +0 halberd.
Your crimson imp hits the gnoll but does no damage.
You tear a large gash into the net.
The gnoll hits your crimson imp with a +0 spear.
The gnoll hits you from afar with a +0 halberd!
The gnoll barely misses you.
Your crimson imp barely misses the gnoll.
You rip the net and break free!
The scorpion closely misses your crimson imp.
The gnoll hits you but does no damage. The gnoll misses you.
The gnoll hits you from afar with a +0 halberd!
Your crimson imp hits the gnoll but does no damage.
You closely miss the gnoll. The gnoll hits you but does no damage.
The gnoll hits you from afar with a +0 spear.
* * * LOW HITPOINT WARNING * * *
The gnoll barely misses you.
Your crimson imp barely misses the gnoll.
You block the gnoll's attack. x2
The gnoll hits you from afar with a +0 halberd!
You die...

....... ....
.......###+##....
.................
............).....
..................#
.......5..........#
......sg..........#
.....wgg.g........#
##########@........#
#.......##.........#
#........#.).......#
#........'.........#
######..####'###..##
#..####..## .#
#.........#
#.........#
#.........#


You could see a scorpion, 4 gnolls, a dart slug and a friendly crimson imp
(summoned).

Vanquished Creatures
  The ghost of ThatPearl the Ruffian, an amateur DrTm (D:3)
  5 adders
  A dart slug (D:1)
  An orc (D:4)
  3 ball pythons
  7 endoplasms
  4 giant cockroaches
  7 goblins
  8 hobgoblins
  2 quokkas (D:1)
  A bat (D:3)
  A frilled lizard (D:3)
  4 rats (D:1)
45 creatures vanquished.

Vanquished Creatures (collateral kills)
  Jessica (D:2)
  Robin (D:2)
  3 goblins (D:2)
  A hobgoblin (D:2)
  2 quokkas
  A kobold (D:1)
9 creatures vanquished.

Grand Total: 54 creatures vanquished

Notes
Turn   | Place    | Note
-------+----------+-------------------------------------------
     0 | D:1      | PimpSugar the Demonspawn Hedge Wizard began the quest for
                  | the Orb.
     0 | D:1      | Reached XP level 1. HP: 13/13 MP: 4/4
   131 | D:1      | Reached skill level 1 in Translocations
   366 | D:1      | Gained mutation: You are partially covered in large bone
                  | plates. (SH +4) [demonic ancestry]
   366 | D:1      | Reached XP level 2. HP: 19/19 MP: 0/6
   592 | D:1      | Learned a level 2 spell: Call Imp
   595 | D:1      | Learned a level 2 spell: Blink
   597 | D:1      | Learned a level 1 spell: Slow
  1159 | D:2      | Noticed Jessica
  1163 | D:2      | Killed Jessica
  1164 | D:2      | Gained mutation: You may rarely emit foul miasma when
                  | damaged in melee. [demonic ancestry]
  1164 | D:2      | Reached XP level 3. HP: 25/25 MP: 1/7
  1269 | D:2      | Learned a level 2 spell: Static Discharge
  1550 | D:2      | Noticed Robin
  1597 | D:2      | Killed Robin
  1599 | D:2      | Reached XP level 4. HP: 23/31 MP: 2/9
  2375 | D:2      | Reached skill level 1 in Fighting
  2572 | D:3      | Identified the +6 glaive "Mibribb" {heavy, rC+ Int+5}
  2772 | D:3      | Found a runed translucent door.
  2774 | D:3      | Noticed ThatPearl's ghost (amateur DrTm)
  2806 | D:3      | Killed ThatPearl's ghost
  2807 | D:3      | Reached skill level 1 in Hexes
  2807 | D:3      | Gained mutation: You have sharp fingernails. [demonic
                  | ancestry]
  2807 | D:3      | Reached XP level 5. HP: 14/37 MP: 7/10
  3321 | D:4      | Reached skill level 1 in Air Magic
  3353 | D:4      | Slain by a gnoll

Illustrated notes

Levels and vault maps discovered:
D:1:      psy_arrival_radial01, layout_loops_cross
D:2:      layout_basic, minmay_misc_feat_rows, palyth_stone_intersect,
          uniq_jessica, uniq_robin
D:3:      layout_rooms, ebering_ghost_sewer_d
D:4:      layout_gridville, general_overflow_altar,
          mainiacjoe_overflow_surrounded_room, mainiacjoe_overflow_big_doors,
          uniq_grinder, uniq_natasha, uniq_eustachio

Skill      XL: |  1  2  3  4  5 |
---------------+----------------+-----
Translocations | 1 |  1.6
Dodging        | 2 |  2.2
Stealth        | 2 |  2.4
Conjurations   | 2 |  2.6
Fighting       | 1 |  1.3
Hexes          | 1 |  1.0
Air Magic      | 1 |  1.0
Spellcasting   | |  3.8
Summonings     | |  1.9

Action                     |  1- 3 |  4- 6 || total
---------------------------+-------+-------++-------
  Melee: Dagger            |    61 |    39 ||   100
         Punch             |     1 |       ||     1
         Glaive            |       |    27 ||    27
   Cast: Magic Dart        |    36 |     5 ||    41
         Call Imp          |     6 |     5 ||    11
         Slow              |     2 |       ||     2
         Static Discharge  |     3 |     7 ||    10
         Blink             |       |     1 ||     1
    Use: Scroll            |     1 |     9 ||    10
         Potion            |       |     3 ||     3
   Stab: Sleeping          |     1 |     2 ||     3
 Armour: Robe              |     2 |       ||     2
         Leather armour    |    21 |    28 ||    49
         Skin              |       |     6 ||     6
  Dodge: Dodged            |    40 |    49 ||    89
  Block: Other             |    17 |    22 ||    39

Table legend: (Time is in decaauts)
 A = Elapsed time spent in this place.
 B = Non-inter-level travel time spent in this place.
 C = Inter-level travel time spent in this place.
 D = Time resting spent in this place.
 E = Time spent auto-exploring this place.
 F = Levels seen in this place.
 G = Mean time per level.
                   A        B        C        D        E       F      G
               +--------+--------+--------+--------+--------+-----+--------+
         Total |   3391 |   3364 |     27 |    469 |   1947 |   4 |  847.8 |
       Dungeon |   3391 |   3364 |     27 |    469 |   1947 |   4 |  847.8 |
               +--------+--------+--------+--------+--------+-----+--------+

Top non-repeatable levels by time:
     D:2: 1309 daAuts
     D:1: 1116 daAuts
     D:3: 909 daAuts
     D:4: 56 daAuts
